 Dungeon Crawl Stone Soup version 0.25-a0-516-g7d600cd9ad (webtiles) character file.

Game seed: 10775085541315529934, levelgen mode: deterministic

14 Forecaster the Magician (level 2, -8/22 HPs)
             Began as a Naga Wizard on Feb 17, 2020.
             Mangled by a gnoll
             ... wielding a +0 flail
              (11 damage)
             ... on level 1 of the Dungeon.
             The game lasted 00:03:51 (768 turns).

Forecaster the Magician (Naga Wizard)                Turns: 768, Time: 00:03:52

Health: -8/22      AC:  3    Str:  9    XL:     2   Next: 41%
Magic:  0/6        EV:  9    Int: 18    God:
Gold:   32         SH:  0    Dex:  9    Spells: 2/7 levels left

rFire    . . .     SeeInvis +   g - +0 short sword
rCold    . . .     Gourm    .   (no shield)
rNeg     . . .     Faith    .   e - +0 leather armour
rPois    +         Spirit   .   i - +1 hat
rElec    .         Reflect  .   (no cloak)
rCorr    .         Harm     .   (no gloves)
MR       .....                  (no barding)
Stlth    ++........             (no amulet)
HPRegen  0.07/turn              (no ring)
MPRegen  0.10/turn              (no ring)

@: very slightly contaminated, very slow
A: large, see invisible, deformed body, poison resistance, slowness 2, slow
metabolism 1, spit poison 1, AC +0
a: Spit Poison


You were on level 1 of the Dungeon.
You were not hungry.

You visited 1 branch of the dungeon, and saw 2 of its levels.

You collected 32 gold pieces.

Inventory:

Hand Weapons
 g - a +0 short sword (weapon)
 j - a +0 dagger
Missiles
 k - 27 stones (quivered)
 m - 15 sling bullets
Armour
 a - a +0 robe
 b - a +0 hat
 c - a +0 robe
 e - a +0 leather armour (worn)
 i - a +1 hat (worn)
Scrolls
 f - a scroll of enchant armour {unknown}
 l - a scroll of teleportation {unknown}
 p - a scroll of fog {unknown}
Potions
 n - 2 potions of lignification {unknown}
 o - a potion of invisibility {unknown}
Comestibles
 d - 2 rations
 h - a chunk of flesh


   Skills:
 + Level 0.3 Armour
 + Level 1.8 Dodging
 + Level 3.2 Stealth
 + Level 3.2 Spellcasting
 + Level 1.0 Conjurations
 + Level 1.0 Summonings
 + Level 1.0 Translocations


You had 2 spell levels left.
You knew the following spells:

 Your Spells              Type           Power        Failure   Level  Hunger
a - Magic Dart            Conj           #...         14%         1    None
b - Call Imp              Summ           #.......     22%         2    ##.....
c - Blink                 Tloc           N/A          22%         2    ##.....

Your spell library contained the following spells:

 Spells                   Type           Power        Failure   Level  Hunger
 Slow                     Hex            #.......     32%         2    ##.....
 Conjure Flame            Conj/Fire      #.......     45%         3    ###....
 Mephitic Cloud           Conj/Pois/Air  #.......     50%         3    ###....


Dungeon Overview and Level Annotations

Branches:
Dungeon (2/15)

Altars:


Innate Abilities, Weirdness & Mutations

You cannot wear boots.
Your serpentine skin is tough. (AC +0)
You have supernaturally acute eyesight. (SInv)
Armour fits poorly on your strangely shaped body.
Your system is resistant to poisons. (rPois)
You cover ground very slowly.
You have a slow metabolism.
You can spit poison.


Message History

There is a stone staircase leading down here.
Casting: Call Imp (safe; 22% risk of failure)
Confirm with . or Enter, or press ? or * to list all spells.
You don't have enough magic to cast that spell.
The gnoll closely misses you. The gnoll barely misses you.
The gnoll hits you with a +0 flail.
* * * LOW HITPOINT WARNING * * *
Casting: Call Imp (safe; 22% risk of failure)
Confirm with . or Enter, or press ? or * to list all spells.
You blink.
The gnoll barely misses you. The gnoll closely misses you.
The gnoll hits you but does no damage.
Casting: Blink (safe; 22% risk of failure)
Confirm with . or Enter, or press ? or * to list all spells.
A beastly little devil appears in a puff of flame.
The gnoll hits you with a +0 flail!
Ouch! That really hurt!
You die...

#.....#.###.######....#######.
#.....#.# #.# #....#.......
####.....#.# #.# #....#.......
...'.....#.# #.# #....#.......
.###.....#.# #.# #....#######.
.# #.....#.###.# #....# #. .#
#...........# #....# #. .#
#.#.#...##########....#######.
.#
###.###.....g@.5..............
.#
#.....#.#########.############
.# #.#.#.#.#......##.# .#
#.#.#.#.#.####....# .#
#.#.#.......#######
.###.#.....#.#.#
.....#.#####.#.#
####.......#.#.# #.#####.#.#.#


You could see a gnoll and a friendly crimson imp.

Vanquished Creatures
  A dart slug (D:1)
  2 giant cockroaches (D:1)
  A kobold (D:1)
  5 bats (D:1)
  2 rats (D:1)
11 creatures vanquished.

Notes
Turn   | Place    | Note
-------+----------+-------------------------------------------
     0 | D:1      | Forecaster the Naga Wizard began the quest for the Orb.
     0 | D:1      | Reached XP level 1. HP: 15/15 MP: 4/4
   383 | D:1      | Reached XP level 2. HP: 19/22 MP: 3/6
   387 | D:1      | Learned a level 2 spell: Call Imp
   391 | D:1      | Learned a level 2 spell: Blink
   741 | D:2      | HP: 1/22 [gnoll/+0 flail (11)]
   749 | D:1      | HP: 1/22 [gnoll/+0 flail (1)]
   768 | D:1      | Mangled by a gnoll

Levels and vault maps discovered:
D:1:      mrwooster_arrival_arrow, layout_basic
D:2:      layout_rooms

Action                   || total
-------------------------++-------
Melee: Short sword       ||    13
 Cast: Magic Dart        ||    23
       Call Imp          ||     2
       Blink             ||     1
 Stab: Sleeping          ||     1
Armor: Leather armour    ||     4
Dodge: Dodged            ||    13

Table legend:
 A = Non-vault XP
 B = Vault XP
 C = Vault XP percentage of total XP
 D = Non-vault monster count
 E = Vault monster count
 F = Vault count percentage of total count
                 A         B        C        D         E       F
            +---------+---------+-------+---------+---------+-------
      Total |      20 |       0 |   0.0 |      11 |       0 |   0.0
            +---------+---------+-------+---------+---------+-------
        D:1 |      20 |       0 |   0.0 |      11 |       0 |   0.0
            +---------+---------+-------+---------+---------+-------
